[Event "Titled Tuesday Blitz September 28 2021"]
[White "Maltsevskaya, Aleksandra"]
[Black "Rodchenkov, Vitaly"]
[WhiteFideId "24174041"]
[BlackFideId "4152964"]
[WhiteElo "2239"]
[BlackElo "2337"]
[Result "1-0"]
[Round "08"]
[TimeControl "180+1"]
[Date "2021.09.28"]
[WhiteClock "0:00:03"]
[BlackClock "0:00:36"]

1. e4 c5 2. Nf3 d6 3. d4 cxd4 4. Nxd4 Nf6 5. Nc3 a6 6. h3 e6 7. g4 d5 8. exd5 Nxd5 9. Nde2 Bb4 10. Bd2 Nxc3 11. Bxc3 Bxc3+ 12. Nxc3 Qc7 13. Bg2 O-O 14. O-O Nc6 15. Ne4 e5 16. c3 Be6 17. Qe2 Rad8 18. Rfd1 Rfe8 19. Nc5 Bc8 20. Rxd8 Rxd8 21. Rd1 Re8 22. Ne4 h6 23. Nd6 Rd8 24. Nxc8 Rxd1+ 25. Qxd1 Qxc8 26. Bd5 Qd7 27. Qf3 g6 28. c4 Kg7 29. Qe4 Qd6 30. Bxc6 bxc6 31. Kg2 a5 32. b3 Qe6 33. Qe1 a4 34. bxa4 Qxc4 35. Qxe5+ Kg8 36. a5 Qxa2 37. Qc5 Qa4 38. Kg3 g5 39. Kg2 Kg7 40. Qe5+ Kg6 41. Qc3 Qe4+ 42. Qf3 Qa4 43. Qd3+ Kg7 44. a6 c5 45. Qc3+ Kg8 46. Qf6 Qe4+ 47. Kg1 Qa4 48. Qd6 c4 49. Qd8+ Kh7 50. Qf6 c3 51. Qxf7+ Kh8 52. Qf8+ Kh7 53. Qe7+ Kg8 54. Qd8+ Kg7 55. Qc7+ Kg6 56. Qb6+ Kg7 57. Qb7+ Kg6 58. Qb6+ Kg7 59. a7 c2 60. Qd4+ Kg6 61. Qxa4 c1=Q+ 62. Kg2 Qc6+ 63. Qxc6+ 1-0


[Site "https://www.chess.com"]

[Event "Titled Tuesday Blitz September 28 2021"]
[White "Maly, Alexey"]
[Black "Aghasiyev, Kamal"]
[WhiteFideId "14103184"]
[BlackFideId "13402854"]
[WhiteElo "2250"]
[BlackElo "2210"]
[Result "1-0"]
[Round "08"]
[TimeControl "180+1"]
[Date "2021.09.28"]
[WhiteClock "0:01:45"]
[BlackClock "0:00:03"]

1. d4 d5 2. c4 e6 3. Nf3 Nf6 4. e3 c5 5. dxc5 Bxc5 6. a3 O-O 7. b4 Be7 8. Bb2 a6 9. Nbd2 Nc6 10. Be2 dxc4 11. Bxc4 b5 12. Be2 Bb7 13. O-O Nd5 14. Qb3 Bf6 15. Rac1 Bxb2 16. Qxb2 Qf6 17. Qxf6 Nxf6 18. Nb3 Nd7 19. Rfd1 Rfd8 20. Kf1 f6 21. Rd6 Nce5 22. Nxe5 Nxe5 23. Rxd8+ Rxd8 24. Nc5 Rc8 25. Rd1 Bd5 26. Nxa6 Nc4 27. Bf3 Bxf3 28. gxf3 Nxa3 29. Nc5 Nc2 30. Nxe6 Nxb4 31. Rd7 Nc6 32. Rxg7+ Kh8 33. Rb7 Rb8 34. Rxb8+ Nxb8 35. Ke2 Kg8 36. Nd4 b4 37. Kd3 Nd7 38. Kc4 Kf7 39. Kxb4 Kg6 40. f4 Kh5 41. Kc4 Kg4 42. Kd5 Nf8 43. Kd6 Kh3 44. Ke7 Ng6+ 45. Kxf6 Kxh2 46. f5 Nh4 47. e4 1-0


[Site "https://www.chess.com"]

[Event "Titled Tuesday Blitz September 28 2021"]
[White "Matamoros Franco, Carlos S."]
[Black "Berezin, Viktor"]
[WhiteFideId "3600017"]
[BlackFideId "14107872"]
[WhiteElo "2554"]
[BlackElo "2310"]
[Result "0-1"]
[Round "08"]
[TimeControl "180+1"]
[Date "2021.09.28"]
[WhiteClock "0:00:10"]
[BlackClock "0:00:31"]

1. Nf3 Nf6 2. g3 g6 3. b3 Bg7 4. Bb2 O-O 5. Bg2 d6 6. d4 Nc6 7. d5 Na5 8. O-O c5 9. dxc6 bxc6 10. c4 c5 11. Nc3 Bb7 12. Nd5 Nc6 13. Nxf6+ exf6 14. Qd2 Qd7 15. Rfd1 Rad8 16. Ne1 f5 17. Bxg7 Kxg7 18. Nd3 Nd4 19. Bxb7 Qxb7 20. Qb2 Kg8 21. Nf4 Rfe8 22. Rd2 Qe4 23. Rad1 Qe5 24. Kg2 Kg7 25. e3 Nc6 26. Qxe5+ dxe5 27. Rxd8 Rxd8 28. Rxd8 Nxd8 29. Nd3 Ne6 30. Nxe5 Kf6 31. Nd3 Ke7 32. f4 Kd6 33. Kf3 Nd8 34. e4 fxe4+ 35. Kxe4 Nc6 36. Ne5 f5+ 37. Kd3 Nxe5+ 38. fxe5+ Kxe5 39. Ke3 g5 40. a3 a5 41. h3 h6 42. h4 gxh4 43. gxh4 h5 44. Kf3 f4 45. Kf2 Ke4 46. Ke2 f3+ 47. Kf2 Kf4 48. Kf1 Ke3 49. Ke1 f2+ 50. Kf1 Kf3 51. a4 Ke3 52. Kg2 Ke2 0-1


[Site "https://www.chess.com"]

[Event "Titled Tuesday Blitz September 28 2021"]
[White "Maze, Sebastien"]
[Black "Roberson, Peter T"]
[WhiteFideId "613762"]
[BlackFideId "412384"]
[WhiteElo "2462"]
[BlackElo "2283"]
[Result "0-1"]
[Round "08"]
[TimeControl "180+1"]
[Date "2021.09.28"]
[WhiteClock "0:01:17"]
[BlackClock "0:00:39"]

1. c4 b6 2. Nc3 Bb7 3. e4 e6 4. d4 Bb4 5. Bd3 f5 6. Ne2 fxe4 7. Bc2 Nf6 8. O-O O-O 9. Ng3 d5 10. f3 exf3 11. Qxf3 Nbd7 12. Bg5 h6 13. Bh4 g5 14. Qd3 Qe7 15. cxd5 gxh4 16. dxe6 hxg3 17. exd7 gxh2+ 18. Kh1 Bxc3 19. bxc3 Qxd7 20. Rae1 Qg7 21. Qh3 Rae8 22. Bf5 Kh8 23. Be6 Ne4 24. Kxh2 Rxf1 25. Rxf1 Ng5 0-1


[Site "https://www.chess.com"]

[Event "Titled Tuesday Blitz September 28 2021"]
[White "Megagigahiper3345"]
[Black "Quispe Arteaga, Gabriel"]
[BlackFideId "32059809"]
[WhiteElo "2554"]
[BlackElo "2192"]
[Result "0-1"]
[Round "08"]
[TimeControl "180+1"]
[Date "2021.09.28"]
[WhiteClock "0:00:01"]
[BlackClock "0:00:04"]

1. d4 Nf6 2. c4 e6 3. Nc3 Bb4 4. g3 O-O 5. Bg2 d5 6. Nf3 c5 7. O-O cxd4 8. Nxd4 e5 9. Nc2 Bxc3 10. bxc3 dxc4 11. Bg5 Nc6 12. Ne3 Be6 13. Qa4 Qc7 14. Bxf6 gxf6 15. Nxc4 Ne7 16. Ne3 a6 17. c4 Rab8 18. Rac1 Qc5 19. Nd5 Kg7 20. Nxe7 Qxe7 21. c5 Rfc8 22. Qa5 Qc7 23. Qa3 Qe7 24. Rfd1 b6 25. Qxa6 bxc5 26. a4 c4 27. a5 Qb4 28. Qa7 c3 29. a6 c2 30. Rf1 Qd2 31. Qe3 Qxe3 32. fxe3 Rc7 33. Bb7 Bb3 34. a7 Rcxb7 35. axb8=Q Rxb8 36. e4 Rd8 37. Kf2 Rd1 38. Ke3 Kg6 39. h3 Kg5 40. Kf3 f5 41. h4+ Kg6 42. exf5+ Kxf5 43. e4+ Ke6 44. Ke3 h5 45. Re1 f5 46. exf5+ Kxf5 47. Kf3 Rd2 48. Ke3 Rg2 49. Rf1+ Kg4 50. Ke4 Re2+ 51. Kd3 Rg2 52. Kc3 Rxg3+ 53. Kb4 Kxh4 54. Rfe1 Kg4 55. Rxe5 h4 56. Rh1 h3 57. Re4+ Kg5 0-1


[Site "https://www.chess.com"]

[Event "Titled Tuesday Blitz September 28 2021"]
[White "Mekhitarian, Krikor Sevag"]
[Black "Kollars, Dmitrij"]
[WhiteFideId "2107660"]
[BlackFideId "12909572"]
[WhiteElo "2598"]
[BlackElo "2584"]
[Result "0-1"]
[Round "08"]
[TimeControl "180+1"]
[Date "2021.09.28"]
[WhiteClock "0:00:04"]
[BlackClock "0:00:43"]

1. e4 e5 2. Nf3 Nc6 3. Bb5 a6 4. Ba4 Nf6 5. O-O Bc5 6. c3 b5 7. Bc2 d5 8. d3 O-O 9. Nbd2 Re8 10. h3 h6 11. Re1 Be6 12. Qe2 Qd7 13. Nf1 Rad8 14. Rd1 Bf8 15. Ng3 g6 16. a4 Qc8 17. axb5 axb5 18. Be3 Nd7 19. exd5 Bxd5 20. b4 Bg7 21. Rab1 f5 22. Bb3 Bxb3 23. Rxb3 f4 24. Ne4 fxe3 25. Qxe3 Ne7 26. Ra3 Nd5 27. Qd2 Nf4 28. Kh2 Nf6 29. Nxf6+ Bxf6 30. Ng1 Qf5 31. d4 exd4 32. cxd4 Rxd4 33. Qa2+ Qe6 34. Qxe6+ Rxe6 35. Rc1 Nd5 36. Nf3 Rxb4 37. Ra7 Rc4 38. Rd1 Rd6 39. Rb7 b4 40. Re1 Kf7 41. g3 Rb6 42. Ra7 b3 43. Kg2 b2 44. Rb1 Rc1 45. Rxb2 Rxb2 0-1


[Site "https://www.chess.com"]

[Event "Titled Tuesday Blitz September 28 2021"]
[White "Nastore, Pavel-Alexandru"]
[Black "Babiy, Olga"]
[WhiteFideId "1255002"]
[BlackFideId "14117258"]
[WhiteElo "1763"]
[BlackElo "2253"]
[Result "0-1"]
[Round "08"]
[TimeControl "180+1"]
[Date "2021.09.28"]
[WhiteClock "0:00:03"]
[BlackClock "0:00:56"]

1. e4 c5 2. Nf3 d6 3. d4 cxd4 4. Nxd4 Nf6 5. Nc3 a6 6. Bg5 Nbd7 7. Qe2 h6 8. Bh4 g6 9. f4 e5 10. fxe5 dxe5 11. Nb3 Qc7 12. O-O-O b5 13. g4 Bb7 14. Nd5 Nxd5 15. exd5 Bd6 16. Bg2 Rc8 17. Kb1 a5 18. Nd4 O-O 19. Nc6 Bxc6 20. dxc6 Nb8 21. Qxb5 Nxc6 22. Qd5 Nb4 23. Qxd6 Qxc2+ 24. Ka1 Qxg2 25. Qxe5 Qxg4 26. Bf6 Rfe8 27. Qxa5 Nc2+ 28. Kb1 Qe4 29. Qd5 Na3+ 0-1


[Site "https://www.chess.com"]

[Event "Titled Tuesday Blitz September 28 2021"]
[White "Nurmanova, Alua"]
[Black "Potapova, Margarita"]
[WhiteFideId "13729390"]
[BlackFideId "14126869"]
[WhiteElo "1869"]
[BlackElo "2214"]
[Result "1-0"]
[Round "08"]
[TimeControl "180+1"]
[Date "2021.09.28"]
[WhiteClock "0:00:20"]
[BlackClock "0:00:02"]

1. e4 c5 2. Nf3 d6 3. d4 cxd4 4. Nxd4 Nf6 5. Nc3 a6 6. Bg5 e6 7. f4 h6 8. Bh4 Qb6 9. Qd2 Qxb2 10. Rb1 Qa3 11. e5 dxe5 12. fxe5 Nfd7 13. Be2 Be7 14. Bxe7 Qxe7 15. O-O Nxe5 16. Ne4 O-O 17. Rb3 Nbc6 18. Nxc6 bxc6 19. Qc3 f6 20. Nc5 a5 21. a4 Rd8 22. h4 Rd5 23. Ne4 c5 24. Qg3 f5 25. Nc3 Qf6 26. Nxd5 exd5 27. Re3 Nc6 28. Re8+ Kh7 29. Bd3 Nd4 30. c3 c4 31. Bb1 Bd7 32. Re3 Nc6 33. Qc7 Be8 34. Rxf5 Qg6 35. Rf1 Ra7 36. Bxg6+ Bxg6 37. Qxc6 1-0


[Site "https://www.chess.com"]

[Event "Titled Tuesday Blitz September 28 2021"]
[White "Odegov, Artem"]
[Black "Gallego Alcaraz, Andres Felipe"]
[WhiteFideId "34183644"]
[BlackFideId "4402669"]
[WhiteElo "2257"]
[BlackElo "2394"]
[Result "0-1"]
[Round "08"]
[TimeControl "180+1"]
[Date "2021.09.28"]
[WhiteClock "0:00:03"]
[BlackClock "0:00:13"]

1. d4 Nf6 2. c4 d6 3. Nf3 Nbd7 4. Nc3 e5 5. d5 Be7 6. e4 O-O 7. Bd3 a5 8. h3 Nc5 9. Bc2 Re8 10. Be3 Nfd7 11. g4 Bf8 12. Qd2 c6 13. O-O-O cxd5 14. Nxd5 Ne6 15. Ng5 Ndc5 16. f4 exf4 17. Bxf4 Nxf4 18. Qxf4 Be6 19. Rhf1 f6 20. Nxh7 Kxh7 21. e5+ Kg8 22. exf6 Qd7 23. Qg5 Bxd5 24. Qxd5+ Re6 25. Bh7+ Kh8 26. Qh5 gxf6 27. Bf5+ Kg8 28. Qg6+ Qg7 29. Bxe6+ Nxe6 30. Qf5 Qg5+ 31. Kb1 Qxf5+ 32. Rxf5 Kf7 33. Rdf1 Bg7 34. g5 Rh8 35. gxf6 Bf8 36. R5f3 b6 37. Re3 Rh6 38. Ref3 Rg6 39. a3 Nc5 40. h4 Ne4 41. Ka2 Nd2 42. R3f2 Nxf1 43. Rxf1 Rxf6 44. Re1 Bg7 45. Re2 Rf4 46. Rd2 Be5 47. b4 axb4 48. axb4 Rxc4 49. Kb3 Rxh4 50. Ka4 Ke6 51. Kb5 Bc3 52. Re2+ Kd7 53. Kxb6 Bxb4 54. Kb5 Bc5 55. Rg2 Rb4+ 56. Ka5 Rb8 57. Rg7+ Kc6 58. Ka4 Rb4+ 59. Ka5 Rb3 60. Rg4 Ra3+ 61. Ra4 Rxa4+ 62. Kxa4 Kd5 0-1


[Site "https://www.chess.com"]

[Event "Titled Tuesday Blitz September 28 2021"]
[White "Onyshchuk, Volodymyr"]
[Black "Pakleza, Zbigniew"]
[WhiteFideId "14114038"]
[BlackFideId "1119290"]
[WhiteElo "2603"]
[BlackElo "2526"]
[Result "1-0"]
[Round "08"]
[TimeControl "180+1"]
[Date "2021.09.28"]
[WhiteClock "0:00:10"]
[BlackClock "0:00:07"]

1. e4 d6 2. d4 Nf6 3. Nc3 c6 4. h3 b5 5. a3 e5 6. Nge2 h5 7. g3 Nbd7 8. Bg2 Bb7 9. O-O Be7 10. f4 Qc7 11. Be3 a6 12. Qe1 O-O 13. Qf2 Rfe8 14. Bf3 Bf8 15. g4 hxg4 16. hxg4 exd4 17. Bxd4 c5 18. Bxf6 Nxf6 19. Ng3 b4 20. Nd5 Nxd5 21. exd5 g6 22. c3 bxc3 23. bxc3 Bg7 24. Rac1 Qa5 25. Ne4 Bxd5 26. Nxd6 Bxf3 27. Qxf3 Red8 28. Nb7 Qxa3 29. Nxd8 Rxd8 30. f5 Qb3 31. f6 Bh6 32. Rcd1 Rb8 33. Rfe1 Bg5 34. Rd7 Bh4 35. Red1 Qe6 36. Rd8+ Rxd8 37. Rxd8+ Kh7 38. g5 Bxg5 39. Qh1+ Bh6 40. Rh8+ Kxh8 41. Qxh6+ Kg8 42. Qg7# 1-0


[Site "https://www.chess.com"]

[Event "Titled Tuesday Blitz September 28 2021"]
[White "Pandey Srishti"]
[Black "Temirkanov, David"]
[WhiteFideId "35093290"]
[BlackFideId "4168534"]
[WhiteElo "1816"]
[BlackElo "2125"]
[Result "1-0"]
[Round "08"]
[TimeControl "180+1"]
[Date "2021.09.28"]
[WhiteClock "0:00:21"]
[BlackClock "0:00:02"]

1. d4 d5 2. c4 Nc6 3. cxd5 Qxd5 4. Nf3 e5 5. dxe5 Qxd1+ 6. Kxd1 Nge7 7. Nc3 Bg4 8. Be3 O-O-O 9. Kc2 Bf5+ 10. Kb3 Na5+ 11. Ka4 Nc4 12. Bc1 Nc6 13. e4 Nb6+ 14. Kb3 Be6+ 15. Kc2 Nb4+ 16. Kb1 Bc5 17. a3 Nd3 18. Bxd3 Rxd3 19. Kc2 Rd7 20. Nd1 a5 21. Be3 Bxe3 22. Nxe3 a4 23. Kc3 Rhd8 24. Rad1 Bb3 25. Rxd7 Nxd7 26. Nf5 g6 27. N5d4 Nc5 28. Re1 c6 29. Ng5 h6 30. Nxb3 axb3 31. Nxf7 Rd3+ 32. Kc4 b6 33. Nd6+ Kc7 34. a4 Rd2 35. a5 Rc2+ 36. Kd4 bxa5 37. Ne8+ Kd7 38. Nf6+ Ke7 39. Ng4 Ne6+ 40. Kd3 Rxb2 41. Nxh6 a4 42. Kc3 Rc2+ 43. Kb4 Nd4 44. Kxa4 c5 45. Ra1 c4 46. Kb4 Ra2 47. Rd1 Nc2+ 48. Kc3 1-0


[Site "https://www.chess.com"]

[Event "Titled Tuesday Blitz September 28 2021"]
[White "Pastar, Slaven"]
[Black "Manukian, Artak"]
[WhiteFideId "14402718"]
[BlackFideId "13301373"]
[WhiteElo "2150"]
[BlackElo "2345"]
[Result "0-1"]
[Round "08"]
[TimeControl "180+1"]
[Date "2021.09.28"]
[WhiteClock "0:00:03"]
[BlackClock "0:00:25"]

1. b3 Nf6 2. Bb2 g6 3. g3 Bg7 4. Bg2 O-O 5. Nf3 d5 6. O-O c5 7. d4 Ne4 8. Nfd2 Bf5 9. Nxe4 Bxe4 10. e3 Bxg2 11. Kxg2 Nc6 12. c3 cxd4 13. cxd4 h5 14. h4 Rc8 15. Nd2 Qa5 16. Nf3 Rc7 17. a3 Rfc8 18. Qd3 Nb8 19. Rfc1 Qa6 20. Qxa6 Nxa6 21. Rxc7 Rxc7 22. Rc1 Rxc1 23. Bxc1 b5 24. Kf1 Kf8 25. Ke2 Ke8 26. Kd3 Bf6 27. a4 bxa4 28. bxa4 Kd7 29. Ba3 e6 30. Kc3 Kc6 31. Kb3 Nc7 32. Bc5 a5 33. Ba3 Ne8 34. Ne1 Ng7 35. Nd3 Nf5 36. Bc5 Nh6 37. Kc2 Ng4 38. Kd2 Nh6 39. Nc1 Ng4 40. Ke2 Bd8 41. Ba3 Nf6 42. f3 Bc7 43. Kf2 Nd7 44. Nb3 Bb6 45. g4 f5 46. gxh5 gxh5 47. Nc1 Bc7 48. Nb3 Bb6 49. Bb2 Kb7 50. Bc3 Ka6 51. Kg3 Bc7+ 52. Kf2 Bb6 53. Nc1 Bc7 54. Nd3 Bd6 55. Bd2 Nb6 56. Nf4 Bxf4 57. exf4 Nxa4 0-1


[Site "https://www.chess.com"]

[Event "Titled Tuesday Blitz September 28 2021"]
[White "Pasti, Aron"]
[Black "Nazaretyan, Tigran"]
[WhiteFideId "785857"]
[BlackFideId "24162345"]
[WhiteElo "2080"]
[BlackElo "2212"]
[Result "0-1"]
[Round "08"]
[TimeControl "180+1"]
[Date "2021.09.28"]
[WhiteClock "0:00:01"]
[BlackClock "0:00:20"]

1. e4 c5 2. Nf3 Nc6 3. d4 cxd4 4. Nxd4 Nf6 5. Nc3 d6 6. Bg5 e6 7. Qd2 a6 8. O-O-O Bd7 9. f4 h6 10. Bh4 g5 11. fxg5 Ng4 12. Be2 Nge5 13. Rhf1 Be7 14. Kb1 hxg5 15. Bg3 Qa5 16. Nxc6 Bxc6 17. Rf2 Rh7 18. a3 f6 19. Bxe5 Qxe5 20. Bc4 O-O-O 21. Qd3 Rxh2 22. Ne2 Bxe4 23. Qb3 d5 24. Bd3 Bc5 25. Rff1 Rxg2 26. Bxe4 Rxe2 27. Bd3 Re3 28. Ka2 Rd6 29. c4 Rb6 30. Qc2 Bd4 31. b3 dxc4 32. Bxc4 Rc6 33. Rh1 Rc3 34. Qd2 Rd6 35. Rh8+ Kc7 36. Rh7+ Kb6 37. Qg2 Rc6 38. Rg7 Re3 39. Rd7 Re4 40. Qd2 Rxc4 41. bxc4 Re2 42. Rd6+ Ka7 43. Rxd4 Rxd2+ 44. R1xd2 f5 45. Rd7 g4 46. R7d3 f4 47. Rb2 Qc7 0-1


[Site "https://www.chess.com"]

[Event "Titled Tuesday Blitz September 28 2021"]
[White "Pichot, Alan"]
[Black "Demidov, Mikhail"]
[WhiteFideId "110973"]
[BlackFideId "4197143"]
[WhiteElo "2600"]
[BlackElo "2546"]
[Result "1/2-1/2"]
[Round "08"]
[TimeControl "180+1"]
[Date "2021.09.28"]
[WhiteClock "0:00:04"]
[BlackClock "0:00:08"]

1. e4 e6 2. d4 d5 3. Nc3 Bb4 4. exd5 exd5 5. Bd3 Ne7 6. Nf3 Nbc6 7. O-O Bg4 8. Be2 Bd6 9. h3 Bh5 10. Nb5 O-O 11. c3 Re8 12. Be3 Nf5 13. Bd2 a6 14. Nxd6 Nxd6 15. Re1 Ne4 16. Bf4 Qd7 17. Ne5 Bxe2 18. Nxd7 Bxd1 19. Raxd1 Re7 20. Ne5 Nxe5 21. Bxe5 Rae8 22. Bf4 c6 23. f3 Nf6 24. Rxe7 Rxe7 25. Kf2 Nd7 26. g4 f6 27. b3 Kf7 28. a4 g5 29. Bd6 Re6 30. Ba3 Kg6 31. Re1 Rxe1 32. Kxe1 f5 33. Kf2 h5 34. Be7 Nb6 35. Kg3 Nd7 36. f4 gxf4+ 37. Kxf4 fxg4 38. hxg4 hxg4 39. Kxg4 Kf7 40. Bh4 Ke6 41. Kf4 c5 42. Bd8 cxd4 43. cxd4 Nb8 44. Bc7 Nc6 45. Bb6 Nb4 46. Ke3 Kf5 47. Bc5 Nc6 48. Bb6 Kg4 49. Bc7 Ne7 50. Be5 Nf5+ 51. Kd3 Kf3 52. Bc7 Ne7 53. Bd6 Nc6 54. Bc5 Nd8 55. Bd6 Ne6 56. Be5 Nf4+ 57. Kc3 Ne6 58. Bf6 Ke4 59. Be5 Nd8 60. Bf6 Nc6 61. Bg7 b5 62. axb5 axb5 63. Bf8 Nxd4 64. Kb4 Kd3 65. Bc5 Ke4 66. Bb6 Kd3 67. Bc5 Ne6 68. Bb6 d4 69. Kxb5 Kc3 70. Bxd4+ Nxd4+ 71. Kc5 Nxb3+ 1/2-1/2


[Site "https://www.chess.com"]

[Event "Titled Tuesday Blitz September 28 2021"]
[White "Pires, Marcos Vinicius Torsani"]
[Black "Coto Mederos, Michel"]
[WhiteFideId "2118939"]
[BlackFideId "3508528"]
[WhiteElo "2273"]
[BlackElo "2427"]
[Result "0-1"]
[Round "08"]
[TimeControl "180+1"]
[Date "2021.09.28"]
[WhiteClock "0:00:46"]
[BlackClock "0:01:21"]

1. e4 e5 2. Nf3 Nc6 3. Nc3 Nf6 4. d4 exd4 5. Nxd4 Bb4 6. Nxc6 bxc6 7. Bd3 d5 8. exd5 cxd5 9. O-O O-O 10. h3 h6 11. Qf3 Be6 12. Bf4 Bd6 13. Nb5 Bxf4 14. Qxf4 Ne8 15. Rad1 c5 16. Bf5 Qf6 17. g4 g6 18. Qxh6 gxf5 19. Qxf6 Nxf6 20. gxf5 Bxf5 21. Nc7 Rad8 22. c3 Bxh3 23. Rfe1 Rd7 24. Na6 Rc8 25. Re3 Be6 26. Rg3+ Kf8 27. Re1 Rd6 0-1


[Site "https://www.chess.com"]

[Event "Titled Tuesday Blitz September 28 2021"]
[White "Quintiliano Pinto, Renato R."]
[Black "Pridorozhni, Aleksei"]
[WhiteFideId "2117568"]
[BlackFideId "4127870"]
[WhiteElo "2439"]
[BlackElo "2565"]
[Result "1/2-1/2"]
[Round "08"]
[TimeControl "180+1"]
[Date "2021.09.28"]
[WhiteClock "0:00:22"]
[BlackClock "0:01:06"]

1. d4 d5 2. c4 e6 3. Nc3 c6 4. e3 Nf6 5. Nf3 Nbd7 6. Be2 dxc4 7. a4 Bb4 8. O-O Nb6 9. Qc2 a5 10. e4 h6 11. Rd1 O-O 12. e5 Nfd5 13. Ne4 Bd7 14. Nfd2 f5 15. exf6 Nxf6 16. Nc5 Nfd5 17. Nxc4 Bxc5 18. dxc5 Nxc4 19. Bxc4 Qf6 20. Ra3 e5 21. Qe2 Kh8 22. Rf3 Qe7 23. Rxf8+ Rxf8 24. Bxd5 cxd5 25. Rxd5 e4 26. Be3 Bxa4 27. Bd4 Kh7 28. Re5 Qf7 29. Qxe4+ Qg6 30. Qxg6+ Kxg6 31. h4 Re8 32. Rd5 Bc6 33. Rd6+ Kf7 34. h5 Re1+ 35. Kh2 Re4 36. Kg3 Re7 37. f3 Rd7 38. Rxd7+ Bxd7 39. Kf4 g6 40. g4 gxh5 41. gxh5 Bc6 42. Kg4 a4 43. Bc3 Bd5 44. Bd2 Kg7 45. f4 Bb3 46. Kh4 Bd1 47. Bc3+ Kf7 48. Be5 Be2 49. f5 Bd3 50. f6 Be2 51. Bd4 Bd1 52. Be3 Kxf6 53. Bxh6 Bf3 54. Bd2 Kg7 55. Kg5 Bc6 56. Bc3+ Kh7 57. Bd2 Bb5 58. h6 Bc6 59. Kf6 Bb5 60. Ke7 Bc6 61. Kd6 Kg6 62. Kc7 Kh7 63. Kb6 Kg6 64. Ka5 Kh7 65. Kb4 Kg6 66. b3 axb3 67. Kxb3 Kh7 68. Kb4 Kg6 69. Ka5 Kh7 70. Kb6 Kg6 71. Ka7 Kh7 72. Kb6 Kg6 73. Ka7 Kh7 74. Kb6 1/2-1/2


[Site "https://www.chess.com"]

[Event "Titled Tuesday Blitz September 28 2021"]
[White "Quparadze, Giga"]
[Black "Oparin, Grigoriy"]
[WhiteFideId "13602250"]
[BlackFideId "24125890"]
[WhiteElo "2658"]
[BlackElo "2604"]
[Result "1-0"]
[Round "08"]
[TimeControl "180+1"]
[Date "2021.09.28"]
[WhiteClock "0:01:04"]
[BlackClock "0:00:35"]

1. e4 e5 2. Nf3 Nc6 3. Bb5 Nf6 4. O-O Nxe4 5. d4 Nd6 6. Bxc6 dxc6 7. dxe5 Nf5 8. Qxd8+ Kxd8 9. Rd1+ Ke8 10. Nc3 Ne7 11. h3 h6 12. Ne2 c5 13. Nf4 Bd7 14. c4 Rd8 15. Be3 b6 16. Rd2 Bc6 17. Rxd8+ Kxd8 18. Rd1+ Kc8 19. Nd5 Bb7 20. Nh4 g6 21. e6 fxe6 22. Nxe7+ Bxe7 23. Nxg6 Re8 24. Nxe7+ Rxe7 25. Bxh6 Be4 26. Bg5 Rd7 27. Re1 Bd3 28. b3 b5 29. cxb5 c4 30. Bf6 cxb3 31. axb3 Bxb5 32. Rxe6 Rd3 33. b4 c5 34. bxc5 a5 35. Rb6 Rb3 36. Be5 a4 37. h4 Kd7 38. h5 Bd3 39. h6 Bf5 40. Rxb3 axb3 41. f3 Kc6 42. g4 Bh7 43. Kf2 Kxc5 44. Ke3 Kd5 45. Bg7 Ke6 46. f4 Bc2 47. f5+ Kf7 48. Bb2 Kg8 49. Kf4 1-0


[Site "https://www.chess.com"]

[Event "Titled Tuesday Blitz September 28 2021"]
[White "Ronka, Erik"]
[Black "Manukyan, Artyom"]
[WhiteFideId "505080"]
[BlackFideId "13305786"]
[WhiteElo "2264"]
[BlackElo "2034"]
[Result "0-1"]
[Round "08"]
[TimeControl "180+1"]
[Date "2021.09.28"]
[WhiteClock "0:00:02"]
[BlackClock "0:00:17"]

1. e4 e5 2. Nf3 Nc6 3. d4 exd4 4. Nxd4 Nf6 5. Nxc6 bxc6 6. e5 Qe7 7. Qe2 Nd5 8. c4 Nb6 9. Nc3 Qe6 10. Qe4 g6 11. Bd3 Bg7 12. f4 O-O 13. O-O f5 14. exf6 Qxf6 15. Bd2 Qd4+ 16. Qxd4 Bxd4+ 17. Kh1 Ba6 18. b3 d5 19. Rac1 dxc4 20. bxc4 Bxc4 21. Bxc4+ Nxc4 22. Be1 Rae8 23. Na4 Ne3 24. Rf3 Re6 25. Ba5 Nd5 26. g3 Re2 27. Rd3 Be3 28. Rxc6 Nf6 29. Re6 Ng4 30. Rexe3 Rxe3 31. Rd7 Re2 32. Bc3 Rxh2+ 33. Kg1 Rb8 34. Rg7+ Kf8 35. Nb2 Rc2 0-1


[Site "https://www.chess.com"]

[Event "Titled Tuesday Blitz September 28 2021"]
[White "Rosen, Eric"]
[Black "Romanchuk, Viktor"]
[WhiteFideId "2032562"]
[BlackFideId "14109271"]
[WhiteElo "2362"]
[BlackElo "2242"]
[Result "0-1"]
[Round "08"]
[TimeControl "180+1"]
[Date "2021.09.28"]
[WhiteClock "0:00:09"]
[BlackClock "0:00:06"]

1. d4 d5 2. Bf4 Nf6 3. e3 c5 4. Nf3 Nc6 5. Nbd2 cxd4 6. exd4 Bg4 7. h3 Bh5 8. Bb5 a6 9. Bxc6+ bxc6 10. g4 Bg6 11. Ne5 Qb6 12. Nb3 Ne4 13. h4 f6 14. Nxg6 hxg6 15. f3 Nd6 16. Qe2 Nc4 17. c3 g5 18. Bg3 gxh4 19. Rxh4 Rxh4 20. Bxh4 a5 21. Nc5 Qxb2 22. Qxb2 Nxb2 23. Rb1 Nc4 24. Rb7 Nd6 25. Rb6 Rc8 26. Bg3 Nc4 27. Rb7 e5 28. Ne6 Nd6 29. Nxg7+ Bxg7 30. Rxg7 Kf8 31. Rh7 Kg8 32. Ra7 Nb5 33. Rxa5 exd4 34. cxd4 Nxd4 35. Kf2 c5 36. Bf4 Ne6 37. Bd2 d4 38. Ra6 Kf7 39. f4 c4 40. f5 Nc5 41. Ra7+ Kg8 42. Bb4 Nd3+ 43. Kg3 Nxb4 44. Kh4 Nc6 45. Rd7 Nd8 46. Kh5 Nf7 47. g5 fxg5 48. f6 c3 49. Ra7 c2 50. Kg6 Ne5+ 51. Kh6 c1=Q 52. Rg7+ Kf8 53. a4 Nf7+ 54. Kg6 Qc2+ 55. Kh5 Qh2+ 56. Kg4 Qg2+ 57. Kf5 Qf3+ 58. Kg6 Qe4+ 59. Kh5 g4 60. a5 Qf5+ 61. Kh4 Qxf6+ 62. Rg5 Qxg5+ 63. Kg3 Qxa5 64. Kf4 d3 65. Ke4 d2 66. Kf4 d1=Q 67. Kg3 Qd3+ 68. Kg2 Qf3+ 69. Kh2 Qd2+ 70. Kg1 Qfd1# 0-1


[Site "https://www.chess.com"]

[Event "Titled Tuesday Blitz September 28 2021"]
[White "Rozhkov, Viacheslav"]
[Black "Baskin, Robert"]
[WhiteFideId "4181484"]
[BlackFideId "24662402"]
[WhiteElo "2324"]
[BlackElo "2521"]
[Result "1-0"]
[Round "08"]
[TimeControl "180+1"]
[Date "2021.09.28"]
[WhiteClock "0:02:06"]
[BlackClock "0:01:49"]

1. e4 c5 2. Nf3 d6 3. d4 cxd4 4. Nxd4 Nf6 5. Nc3 a6 6. Be3 e5 7. Nb3 Be6 8. f3 Be7 9. Qd2 O-O 10. O-O-O Nbd7 11. g4 b5 12. g5 Nh5 13. Nd5 Bxd5 14. exd5 Rc8 15. Na5 Qc7 16. Nc6 Bd8 17. Bh3 g6 18. Bg4 Ng7 19. h4 f5 20. gxf6 Nxf6 21. Bxc8 Qxc8 22. Bg5 Nfh5 23. Bxd8 Kh8 24. Be7 Rxf3 25. Bxd6 1-0


[Site "https://www.chess.com"]

[Event "Titled Tuesday Blitz September 28 2021"]
[White "Rozman, Levy"]
[Black "Di Nicolantonio, Lucas"]
[WhiteFideId "2039877"]
[BlackFideId "680460"]
[WhiteElo "2376"]
[BlackElo "2381"]
[Result "0-1"]
[Round "08"]
[TimeControl "180+1"]
[Date "2021.09.28"]
[WhiteClock "0:01:02"]
[BlackClock "0:01:36"]

1. d4 g6 2. e4 Bg7 3. Nc3 d6 4. f4 a6 5. Nf3 b5 6. Bd3 Nd7 7. e5 c5 8. Be4 Rb8 9. O-O Nh6 10. dxc5 Nxc5 11. exd6 Nxe4 12. Nxe4 O-O 13. Ne5 Nf5 14. dxe7 Qxe7 15. Kh1 Bb7 16. Qe1 f6 0-1


[Site "https://www.chess.com"]

[Event "Titled Tuesday Blitz September 28 2021"]
[White "Rustemov, Alexander"]
[Black "Gasanov, Zaur"]
[WhiteFideId "4119002"]
[BlackFideId "34125970"]
[WhiteElo "2751"]
[BlackElo "2099"]
[Result "1-0"]
[Round "08"]
[TimeControl "180+1"]
[Date "2021.09.28"]
[WhiteClock "0:00:28"]
[BlackClock "0:00:02"]

1. d4 Nf6 2. c4 g6 3. Nf3 Bg7 4. g3 O-O 5. Bg2 d5 6. cxd5 Nxd5 7. O-O Nb6 8. Nc3 Nc6 9. e3 a5 10. h3 a4 11. Rb1 Ra5 12. b4 axb3 13. axb3 e5 14. b4 Ra8 15. d5 e4 16. dxc6 exf3 17. Qxf3 bxc6 18. Qxc6 Bf5 19. e4 Be6 20. Bf4 Rc8 21. Rfd1 Qe8 22. Qxe8 Rfxe8 23. Nb5 Na8 24. e5 Bf5 25. Rbc1 Bxe5 26. Bxe5 Rxe5 27. Na7 Rf8 28. g4 Be6 29. Nc6 Rb5 30. Rc5 Rb6 31. Ra1 Kg7 32. Ra7 1-0


[Site "https://www.chess.com"]